 Dungeon Crawl Stone Soup version 0.31-a0-237-g2d982f9f85 (webtiles) character file.

Game seed: 17721235026558961256

837 qw the Skirmisher (level 7, -3/54 (61) HPs)
             Began as a Minotaur Hexslinger on July 11, 2023.
             Slain by a wight
             ... wielding a +3 long sword
              (9 damage)
             ... on level 6 of the Dungeon.
             The game lasted 00:01:33 (4221 turns).

qw the Skirmisher (Minotaur Hexslinger)             Turns: 4221, Time: 00:01:34

HP:   -3/54 (61)    AC:  6    Str:  8    XL:     7   Next: 66%
MP:   7/7           EV: 17    Int: 10    God:
Gold: 244           SH:  0    Dex: 15    Spells: 7/8 levels left

rFire   . . .        g - +1 sling (heavy)
rCold   + + .        (no shield)
rNeg    . . .        p - +1 leather armour of Ocret {rPois rC++ rCorr Str-4}
rPois   +            (helmet restricted)
rElec   .            (no cloak)
rCorr   +            j - +0 pair of gloves
SInv    +            l - +0 pair of boots
Will    .....        (no amulet)
Stlth   +            q - ring of see invisible
HPRegen 0.29/turn    o - +5 ring of evasion
MPRegen 0.10/turn

%: no passive effects
@: heavily drained
A: horns 2, retaliatory headbutt
a: no special abilities


You were on level 6 of the Dungeon.
You visited 1 branch of the dungeon, and saw 6 of its levels.

You collected 244 gold pieces.


Innate Abilities, Weirdness & Mutations

You have a pair of horns on your head.
You reflexively headbutt those who attack you in melee.


   Skills:
 - Level 5.2 Fighting
 - Level 8.0 Ranged Weapons
 - Level 2.1 Armour
 + Level 2.9 Dodging
 - Level 1.0 Spellcasting
 - Level 2.0 Hexes


You had 7 spell levels left.
You knew the following spells:

 Your Spells              Type           Power      Damage    Failure   Level
a - Slow                  Hex            16%        N/A       22%         1

Your spell library contained the following spells:

 Spells                   Type           Power      Damage    Failure   Level
 Inner Flame              Hex/Fire       2%         N/A       67%         3
 Portal Projectile        Hex/Tloc       4%         N/A       67%         3
 Cause Fear               Hex            2%         N/A       91%         4

Inventory:

Hand Weapons
 g - a +1 heavy sling (weapon)
Armour
 i - a +0 ring mail
 j - a +0 pair of gloves (worn)
 l - a +0 pair of boots (worn)
 p - the +1 leather armour of Ocret (worn) {rPois rC++ rCorr Str-4}
   (You found it on level 5 of the Dungeon)

   Str:       It affects your strength (-4).
   rC:        It greatly protects you from cold.
   rPois:     It protects you from poison.
   rCorr:     It protects you from acid and corrosion.
Jewellery
 k - a ring of poison resistance
 o - a +5 ring of evasion (right hand)
 q - a ring of see invisible (left hand)
Scrolls
 f - a scroll of identify
 n - a scroll of brand weapon
Potions
 a - a potion of mutation
 b - a potion of ambrosia {unknown}
 c - 2 potions of heal wounds
 d - a potion of lignification {unknown}
 e - a potion of enlightenment {unknown}
 h - a potion of haste
 m - a potion of curing {unknown}
 r - a potion of attraction {unknown}
 t - a potion of might {unknown}

Dungeon Overview and Level Annotations

Branches:
Dungeon (6/15)             Temple (0/1) D:6

Altars:

Shops:
D:1 :

Annotations:
D:4 1 runed translucent door, Crazy Yiuf


Message History

A wight comes into view. It is wielding a +2 battleaxe.
The wight moves out of view.
You shoot a sling bullet.
The sling bullet closely misses the wight.
You shoot a sling bullet.
The sling bullet barely misses the wight.
The sling bullet hits the wight.
The wight is lightly damaged.
The wight misses you.
You shoot a sling bullet. The sling bullet hits the wight.
The wight is moderately damaged.
The wight barely misses you.
You shoot a sling bullet.
The sling bullet closely misses the wight.
The wight hits you but does no damage.
The wight hits you with a +3 long sword.
You feel drained.
The wight hits you with a +3 mace of freezing!
You feel drained.
You shoot a sling bullet.
The sling bullet barely misses the wight.
The wight barely misses you.
The wight hits you with a +3 mace of freezing.
You feel drained. The wight closely misses you.
The wight hits you with a +0 great sword!!
The wight barely misses you. You furiously retaliate!
You headbutt the wight. The wight closely misses you. x2
You shoot a sling bullet.
The sling bullet barely misses the wight.
The wight barely misses you. The wight closely misses you.
The wight misses you. The wight barely misses you.
You shoot a sling bullet.
The sling bullet barely misses the wight.
The wight closely misses you. You furiously retaliate!
You headbutt the wight. The wight hits you with a +2 battleaxe!
You feel drained. The wight completely misses you. You furiously retaliate!
You headbutt the wight! The wight misses you. You furiously retaliate!
You headbutt the wight. The wight misses you.
The wight hits you with a +3 long sword!
You die...

####........##..#####.....#...
#...##.....##..## #####.....
#.........####...###### #...(.
............##........#.####.....
............###....##............
.##...##.....##....##...........#
. #...##...####....#............#
..........##....#...............
....>. ....)..z@#..##..)....##..
...##.zzz..#.....##.##..
...............###.##..
..............####......
..............####......
...................#....
............<....#.##...
.#.###..........#####... ..
#...........# ##..


You could see 4 wights.

Vanquished Creatures
  A sky beast (D:6)
  A gnoll sergeant (D:5)
  A wight (D:6)
  5 hounds
  2 jellies
  An orc priest (D:4)
  2 sleepcaps (D:5)
  2 iguanas (D:5)
  An orc wizard (D:4)
  9 gnolls
  9 adders
  5 dart slugs
  5 orcs
  6 endoplasms
  4 giant cockroaches
  3 hobgoblins
  13 jackals
  2 quokkas (D:4)
  7 ball pythons
  A bat (D:2)
  3 frilled lizards
  8 goblins
  7 kobolds
  4 rats
102 creatures vanquished.

Notes
Turn   | Place    | Note
-------+----------+-------------------------------------------
     0 | D:1      | qw the Minotaur Hexslinger began the quest for the Orb.
     0 | D:1      | Reached XP level 1. HP: 16/16 MP: 1/1
     0 | D:1      | 0 ||| qw: Version: 0.3-a-52-g30416fa
     0 | D:1      | 0 ||| qw: Game counter: 5453
     0 | D:1      | 0 ||| qw: Melee chars always use a shield: true
     0 | D:1      | 0 ||| qw: God list: Okawaru
     0 | D:1      | 0 ||| qw: Allow faded altars: false
     0 | D:1      | 0 ||| qw: Do Orc after clearing Dungeon:15 true
     0 | D:1      | 0 ||| qw: Do second Lair branch before Depths: true
     0 | D:1      | 0 ||| qw: Lair rune preference: random
     0 | D:1      | 0 ||| qw: Goals: Normal
     0 | D:1      | 0 ||| PLANNING D:1-11
   134 | D:1      | Reached skill level 3 in Ranged Weapons
   134 | D:1      | Reached XP level 2. HP: 23/23 MP: 2/2
   384 | D:1      | Found Amo Ybech's Book Emporium.
   541 | D:1      | Reached XP level 3. HP: 29/29 MP: 3/3
   908 | D:1      | 908 ||| UPGRADING to +0 ring mail.
   918 | D:1      | 918 ||| DROPPING +0 robe.
   919 | D:1      | 919 ||| UPGRADING to +0 pair of boots.
   924 | D:1      | 924 ||| UPGRADING to ring of poison resistance.
   925 | D:1      | 925 ||| READING scroll labelled IQAORU LUAWU.
   926 | D:1      | 926 ||| READING scroll labelled VULAKI MEEMOEVUNGA.
   980 | D:1      | 980 ||| READING scroll labelled LOIGIG VUORIA.
   981 | D:1      | 981 ||| READING scroll labelled IJISHR KYOHUAPP.
   982 | D:1      | 982 ||| READING scroll labelled ETOLEHEOF.
   983 | D:1      | 983 ||| DROPPING scroll of poison.
  1073 | D:2      | Reached skill level 4 in Ranged Weapons
  1128 | D:2      | Reached skill level 1 in Armour
  1578 | D:2      | 1578 ||| UPGRADING to +0 pair of gloves.
  1583 | D:2      | 1583 ||| DROPPING +6 ring of intelligence.
  1584 | D:2      | 1584 ||| UPGRADING to +5 ring of evasion.
  1585 | D:2      | 1585 ||| READING 2 scrolls labelled IRUTROMAMA.
  1586 | D:2      | 1586 ||| READING scroll labelled LIOBOL GOINEQO.
  1587 | D:2      | 1587 ||| DROPPING scroll of immolation.
  1686 | D:3      | Reached XP level 4. HP: 34/36 MP: 4/4
  1736 | D:3      | Reached skill level 5 in Ranged Weapons
  1784 | D:3      | Found a faded altar of an unknown god.
  1843 | D:3      | Reached skill level 3 in Fighting
  1843 | D:3      | Reached XP level 5. HP: 40/45 MP: 5/5
  1983 | D:3      | 1983 ||| DRINKING 2 fizzy emerald potions.
  1984 | D:3      | 1984 ||| DRINKING 2 sapphire potions.
  1985 | D:3      | 1985 ||| DRINKING 2 bubbling inky potions.
  1986 | D:3      | 1986 ||| DROPPING potion of brilliance.
  1987 | D:3      | 1987 ||| DROPPING potion of degeneration.
  2051 | D:4      | Reached skill level 6 in Ranged Weapons
  2143 | D:4      | Reached XP level 6. HP: 52/52 MP: 6/6
  2882 | D:4      | Found a runed translucent door.
  2883 | D:4      | Noticed Crazy Yiuf
  3106 | D:4      | 3106 ||| READING scroll labelled KUPAGIU ANUANA.
  3107 | D:4      | 3107 ||| READING scroll labelled HUSTREG HULLU.
  3108 | D:4      | 3108 ||| READING scroll labelled GIUGYN DEWIC.
  3109 | D:4      | 3109 ||| DRINKING 2 glowing orange potions.
  3110 | D:4      | 3110 ||| READING 2 scrolls of identify.
  3110 | D:4      | 3110 ||| IDENTIFYING fuming black potion
  3136 | D:5      | Entered Level 5 of the Dungeon
  3335 | D:5      | Identified the +1 leather armour of Ocret {rPois rC++ rCorr
                  | Str-4}
  3526 | D:5      | Reached skill level 7 in Ranged Weapons
  3752 | D:5      | Reached XP level 7. HP: 55/59 MP: 7/7
  3796 | D:5      | 3796 ||| Stepping ~*~*~tactically~*~*~ (outnumbered).
  3798 | D:5      | 3798 ||| Stepping ~*~*~tactically~*~*~ (outnumbered).
  3803 | D:5      | 3803 ||| Stepping ~*~*~tactically~*~*~ (outnumbered).
  3813 | D:5      | Reached skill level 8 in Ranged Weapons
  3956 | D:5      | 3956 ||| UPGRADING to +1 leather armour of Ocret {rPois
                  | rC++ rCorr Str-4}.
  3966 | D:5      | 3966 ||| REMOVING ring of poison resistance.
  3967 | D:5      | 3967 ||| UPGRADING to ring of see invisible.
  3968 | D:5      | 3968 ||| READING scroll labelled XOKLUR FYNNAOWK.
  4172 | D:6      | Found a staircase to the Ecumenical Temple.
  4173 | D:6      | 4173 ||| PLANNING TEMPLE
  4173 | D:6      | 4173 ||| READING scroll labelled ZOIFEM QINWISO.
  4221 | D:6      | HP: 10/56 [wight/+2 battleaxe (12)]
  4221 | D:6      | Slain by a wight

Levels and vault maps discovered:
D:1:      amcnicky_arrival_wind_blow, layout_basic, serial_shops, shop,
          minivault_25, minmay_tiny_reverse_x
D:2:      layout_basic
D:3:      layout_rooms, basic_ecumenical_altar
D:4:      layout_layer_cave, serial_bayou_pond_e, uniq_crazy_yiuf_cottage
D:5:      layout_basic
D:6:      layout_cave_pools, kennysheep_little_box,
          minmay_temple_entry_stoned_glass

Skill      XL: |  1  2  3  4  5  6  7 |
---------------+----------------------+-----
Ranged Weapons | 3 4 5 6 7 8 |  8.0
Fighting       | 2 3 4 5 |  5.2
Armour         | 1 2 |  2.1
Dodging        | |  2.9
Spellcasting   | |  1.0
Hexes          | |  2.0

Action                     |  1- 3 |  4- 6 |  7- 9 || total
---------------------------+-------+-------+-------++-------
   Fire: Sling             |   130 |   133 |    38 ||   301
    Use: Scroll            |     7 |     4 |     2 ||    13
         Potion            |       |     4 |       ||     4
 Armour: Robe              |     3 |       |       ||     3
         Ring mail         |    16 |    24 |     5 ||    45
         Leather armour    |       |       |     2 ||     2
  Dodge: Dodged            |    54 |    70 |    42 ||   166

Table legend:
 A = Non-vault XP
 B = Vault XP
 C = Vault XP percentage of total XP
 D = Non-vault monster count
 E = Vault monster count
 F = Vault count percentage of total count
                 A         B        C        D         E       F
            +---------+---------+-------+---------+---------+-------
      Total |    1193 |       3 |   0.3 |     100 |       2 |   2.0
            +---------+---------+-------+---------+---------+-------
        D:1 |      45 |       3 |   6.2 |      26 |       2 |   7.1
        D:2 |      46 |       0 |   0.0 |      14 |       0 |   0.0
        D:3 |     143 |       0 |   0.0 |      21 |       0 |   0.0
        D:4 |     191 |       0 |   0.0 |      19 |       0 |   0.0
        D:5 |     516 |       0 |   0.0 |      17 |       0 |   0.0
        D:6 |     252 |       0 |   0.0 |       3 |       0 |   0.0
            +---------+---------+-------+---------+---------+-------
